 Dungeon Crawl Stone Soup version 0.25.0-15-gac7dcb8919 (webtiles) character file.

Game seed: 3134140853692188247

56 protoss039 the Grave Robber (level 3, -1/24 HPs)
             Began as a Demonspawn Necromancer on June 30, 2020.
             Slain by a jackal (2 damage)
             ... on level 2 of the Dungeon.
             The game lasted 00:02:57 (2597 turns).

protoss039 the Grave Robber (DsNe)                  Turns: 2597, Time: 00:02:58

Health: -1/24      AC:  2    Str:  9    XL:     3   Next: 69%
Magic:  0/6        EV: 12    Int: 16    God:
Gold:   70         SH:  0    Dex: 13    Spells: 5/6 levels left

rFire    . . .     SeeInvis .     - Unarmed
rCold    . . .     Gourm    .   (no shield)
rNeg     . . .     Faith    .   a - +0 robe
rPois    .         Spirit   +   (no helmet)
rElec    .         Reflect  .   (no cloak)
rCorr    .         Harm     .   (no gloves)
MR       .....                  (no boots)
Stlth    +++.......             (no amulet)
HPRegen  0.08/turn              (no ring)
MPRegen  0.10/turn              (no ring)

@: stab, very slightly contaminated, hasted, very quick
A: nightstalker 1, magic shield
a: no special abilities


You were on level 2 of the Dungeon.
You were not hungry.

You visited 1 branch of the dungeon, and saw 2 of its levels.

You collected 70 gold pieces.

Inventory:

Armour
 a - a +0 robe (worn)
Scrolls
 b - a scroll of magic mapping {unknown}
 d - 2 scrolls of identify {unknown}
 h - a scroll of amnesia {unknown}
 i - a scroll of remove curse {unknown}
Potions
 f - a potion of stabbing
 g - a potion of mutation {unknown}
Comestibles
 c - 6 rations


   Skills:
 - Level 1.7 Dodging
 - Level 1.7 Stealth
 * Level 3.1 Unarmed Combat
 - Level 2.0 Spellcasting
 - Level 4.3 Necromancy


You had 5 spell levels left.
You knew the following spells:

 Your Spells              Type           Power        Failure   Level  Hunger
a - Pain                  Necr           ###.         3%          1    #......

Your spell library contained the following spells:

 Spells                   Type           Power        Failure   Level  Hunger
 Animate Skeleton         Necr           N/A          3%          1    #......
 Vampiric Draining        Necr           ###.......   11%         3    ###....
 Animate Dead             Necr           N/A          34%         4    #####..
 Agony                    Necr           ###.....     67%         5    ######.


Dungeon Overview and Level Annotations

Branches:
Dungeon (2/15)

Altars:


Innate Abilities, Weirdness & Mutations

You are slightly more attuned to the shadows.
When hurt, damage is shared between your health and your magic reserves.


Message History

Unknown command.
You hit the giant cockroach.
The giant cockroach is almost dead.
Unknown command.
You hit the giant cockroach.
You kill the giant cockroach!
Unknown command.
You hit the bat.
You kill the bat!
A jackal comes into view.
Found 5 sling bullets.
You see here a bat corpse.
You butcher the bat corpse.
The jackal barks!
Things that are here:
a chunk of flesh; a bat skeleton You hit the jackal.
The jackal is moderately wounded.
The jackal bites you.
You die...

#...g........#
#####g#.#..#.##
###....##....#
..............####
####.##..#.......#
#................#
..##.#####.....))#
.#....# #######<#
##....# #@#
......# #h#
#.....# #..
.#.รท..#### #...
..<....... #....
##....#### ......
#....# #...(..
#....# #....#


You could see a jackal.

Vanquished Creatures
  An adder (D:2)
  2 oozes
  A worm (D:2)
  2 leopard geckos
  A ball python (D:1)
  3 bats
  A giant cockroach (D:2)
  4 goblins
  5 hobgoblins
  A jackal (D:2)
  3 kobolds (D:1)
  2 quokkas (D:2)
  3 frilled lizards
  2 rats (D:2)
31 creatures vanquished.

Notes
Turn   | Place    | Note
-------+----------+-------------------------------------------
     0 | D:1      | protoss039 the Demonspawn Necromancer began the quest for
                  | the Orb.
     0 | D:1      | Reached XP level 1. HP: 13/13 MP: 3/3
   349 | D:1      | Reached skill level 1 in Unarmed Combat
   472 | D:1      | Gained mutation: When hurt, damage is shared between your
                  | health and your magic reserves. [demonic ancestry]
   472 | D:1      | Reached XP level 2. HP: 4/19 MP: 0/5
  1931 | D:2      | Gained mutation: You are slightly more attuned to the
                  | shadows. [demonic ancestry]
  1931 | D:2      | Reached XP level 3. HP: 15/24 MP: 4/6
  2589 | D:2      | HP: 1/24 [goblin/+0 club[Robin] (1)]
  2597 | D:2      | Slain by a jackal

Illustrated notes

Levels and vault maps discovered:
D:1:      wheals_arrival_shading, layout_rooms, solitary_fountain
D:2:      layout_rooms, chequers_ecumenical_altar_simple, nrook_mini_vaults,
          chequers_serial_rivers_large_b, minmay_pentomino_z2, uniq_robin

Skill      XL: |  1  2  3 |
---------------+----------+-----
Unarmed Combat | 1 2 3 |  3.1
Dodging        | |  1.7
Stealth        | |  1.7
Spellcasting   | |  2.0
Necromancy     | |  4.3

Action                   || total
-------------------------++-------
Melee: Unarmed           ||   121
       Punch             ||     1
 Cast: Pain              ||    28
  Use: Potion            ||     2
 Stab: Sleeping          ||     5
  Eat: Chunk             ||     6
Armor: Robe              ||    17
Dodge: Dodged            ||    87
